 Dungeon Crawl Stone Soup version 0.27-a0-1378-gdefffd1ff6 (webtiles) character file.

Game seed: 11301492175149648034

71 Tocho the Skirmisher (level 4, -13/40 HPs)
             Began as a Hill Orc Fighter on June 29, 2021.
             Splashed by Ijyb's acid (14 damage)
             ... on level 3 of the Dungeon.
             The game lasted 00:01:22 (1914 turns).

Tocho the Skirmisher (Hill Orc Fighter)             Turns: 1914, Time: 00:01:22

Health: -13/40     AC: 11    Str: 19    XL:     4   Next: 24%
Magic:  4/4        EV:  3    Int:  8    God:
Gold:   98         SH:  9    Dex: 10    Spells: 3/3 levels left

rFire    . . .     SeeInvis .   a - +0 war axe
rCold    . . .     Faith    .   c - +0 kite shield
rNeg     . . .     Spirit   .   l - +0 plate armour
rPois    .         Reflect  .   (no helmet)
rElec    .         Harm     .   (no cloak)
rCorr    .         Rampage  .   (no gloves)
Will     .....                  (no boots)
Stlth    ..........             (no amulet)
HPRegen  0.13/turn              (no ring)
MPRegen  0.09/turn              (no ring)

@: no status effects
A: no striking features
a: no special abilities


You were on level 3 of the Dungeon.
You visited 1 branch of the dungeon, and saw 3 of its levels.

You collected 98 gold pieces.

Inventory:

Hand Weapons
 a - a +0 war axe (weapon)
Missiles
 m - 4 datura-tipped darts (quivered)
Armour
 b - a +0 scale mail
 c - a +0 kite shield (worn)
 l - a +0 plate armour (worn)
Jewellery
 g - an amulet of magic regeneration
Scrolls
 e - 2 scrolls of identify {unknown}
 f - 3 scrolls of enchant armour {unknown}
 i - 2 scrolls of blinking {unknown}
 k - 2 scrolls of teleportation {unknown}
Potions
 d - a potion of might
 h - a potion of haste {unknown}
 j - a potion of berserk rage {unknown}


   Skills:
 + Level 4.1 Fighting
 + Level 3.6 Axes
 + Level 4.0 Armour
 + Level 0.3 Dodging
 + Level 0.1 Stealth
 + Level 3.8 Shields


You had 3 spell levels left.
You didn't know any spells.
Your spell library contained the following spells:

 Spells                   Type           Power      Damage    Failure   Level
 Ignite Poison            Fire/Tmut/Pois 0%         N/A       100%        3
 Stone Arrow              Conj/Erth      0%         3d7       100%        3
 Irradiate                Conj/Tmut      0%         3d13      100%        5
 Lightning Bolt           Conj/Air       0%         1d11      100%        5


Dungeon Overview and Level Annotations

Branches:
Dungeon (3/15)

Altars:

Annotations:
D:3 Ijyb


Message History

No target in view!
No target in view!
No target in view!
k - 2 scrolls labelled QIXKUX XACU UMUT (gained 1)
You see here a +0 dagger.
No target in view!
Ijyb the Twisted Goblin comes into view.
She is wielding a +0 club and carrying a wand of acid (3).
Ijyb shouts!
Ijyb zaps a wand.
The bolt of acid misses you.
Ijyb zaps a wand.
The bolt of acid hits you!
You are splashed with acid!
You are too injured to fight recklessly!
You are too injured to fight recklessly!
You are too injured to fight recklessly!
You are too injured to fight recklessly!
You are too injured to fight recklessly!
You are too injured to fight recklessly!
You are too injured to fight recklessly!
You are too injured to fight recklessly!
You are too injured to fight recklessly!
You are too injured to fight recklessly!
You are too injured to fight recklessly!
You are too injured to fight recklessly!
You are too injured to fight recklessly!
You are too injured to fight recklessly!
You are too injured to fight recklessly!
You are too injured to fight recklessly!
You are too injured to fight recklessly!
You are too injured to fight recklessly!
You are too injured to fight recklessly!
You are too injured to fight recklessly!
You are too injured to fight recklessly!
You are too injured to fight recklessly!
You are too injured to fight recklessly!
You are too injured to fight recklessly!
You are too injured to fight recklessly!
Unknown command.
You barely miss Ijyb.
Ijyb zaps a wand.
The bolt of acid hits you!
* * * LOW HITPOINT WARNING * * *
You are splashed with acid!
You die...

#.#.####.####.#. #.#.##
#.# #.#. #....# #.#
#.## #....# #.# #.##
#....# #.# #...
#.######....# #.####..#
............# #....#..#
#########...######.#..#
#....g@............#..#
#.########.######..#..#
......#..#..#
........)#...
#####.##.##..
.............
######...##. #....##.
+....##.


You could see Ijyb.

Vanquished Creatures
  Jessica (D:2)
  2 dart slugs (D:1)
  6 ball pythons
  5 endoplasms (D:1)
  A giant cockroach (D:3)
  6 goblins
  4 hobgoblins (D:1)
  A quokka (D:1)
  4 bats
  A frilled lizard (D:2)
  3 kobolds
  4 rats
38 creatures vanquished.

Notes
Turn   | Place    | Note
-------+----------+-------------------------------------------
     0 | D:1      | Tocho the Hill Orc Fighter began the quest for the Orb.
     0 | D:1      | Reached XP level 1. HP: 19/19 MP: 1/1
   177 | D:1      | Found a faded altar of an unknown god.
   237 | D:1      | Reached XP level 2. HP: 27/27 MP: 2/2
   340 | D:1      | Got the Volume of Scorching Conjuration
   744 | D:1      | Reached XP level 3. HP: 31/33 MP: 3/3
  1576 | D:2      | Noticed Jessica
  1584 | D:2      | Killed Jessica
  1585 | D:2      | Reached XP level 4. HP: 27/40 MP: 4/4
  1910 | D:3      | Noticed Ijyb
  1914 | D:3      | HP: 1/40 [Ijyb/bolt of acid (15)]
  1914 | D:3      | Splashed by Ijyb's acid

Illustrated notes

Levels and vault maps discovered:
D:1:      matt_arrival_grand_opening, layout_loops_ring, serial_rivers,
          chequers_serial_rivers_micro_d, chequers_serial_rivers_room_a,
          chequers_serial_rivers_room_a, chequers_serial_rivers_small_a,
          chequers_serial_rivers_micro_c, chequers_serial_rivers_small_b,
          shapermc_ecumenical_altar_hornbeckon, minmay_misc_feat_cross,
          minmay_pentomino_v2
D:2:      layout_basic, minivault_23, uniq_jessica
D:3:      layout_basic, lemuel_tele_altar, kennysheep_small_spiral, uniq_ijyb

Skill      XL: |  1  2  3 |
---------------+----------+-----
Axes           | 3 |  3.6
Fighting       | 4 |  4.1
Armour         | 4 |  4.0
Dodging        | |  0.3
Stealth        | |  0.1
Shields        | |  3.8

Action                   |  1- 3 |  4- 6 || total
-------------------------+-------+-------++-------
Melee: War axe           |    89 |    17 ||   106
Armor: Scale mail        |    44 |       ||    44
       Plate armour      |       |    14 ||    14
Dodge: Dodged            |    23 |     1 ||    24
Block: Kite shield       |    48 |     4 ||    52

Table legend: (Time is in decaauts)
 A = Elapsed time spent in this place.
 B = Non-inter-level travel time spent in this place.
 C = Inter-level travel time spent in this place.
 D = Time resting spent in this place.
 E = Time spent auto-exploring this place.
 F = Levels seen in this place.
 G = Mean time per level.
                   A        B        C        D        E       F      G
               +--------+--------+--------+--------+--------+-----+--------+
         Total |   1989 |   1962 |     27 |      0 |   1666 |   3 |  663.0 |
       Dungeon |   1989 |   1962 |     27 |      0 |   1666 |   3 |  663.0 |
               +--------+--------+--------+--------+--------+-----+--------+

Top non-repeatable levels by time:
     D:1: 1339 daAuts
     D:2: 500 daAuts
     D:3: 149 daAuts
